 Dungeon Crawl Stone Soup version 0.18-a0-116-g2d311b1 (webtiles) character file.

44 QuinteeJr the Magician (level 3, -2/21 HPs)
             Began as a High Elf Wizard on Nov 16, 2015.
             Slain by Sigmund
             ... wielding a +0 scythe
              (8 damage)
             ... on level 3 of the Dungeon.
             The game lasted 00:26:10 (2758 turns).

QuinteeJr the Magician (High Elf Wizard)            Turns: 2758, Time: 00:26:10

Health: -2/21      AC:  5    Str:  6    XL:     3   Next: 39%
Magic:  1/9        EV: 10    Int: 23    God:
Gold:   141        SH:  0    Dex: 13    Spells: 2 memorised, 6 levels left

rFire  . . .     SeeInvis .     n - +0 short sword
rCold  . . .     Clarity  .     q - +0 ring mail
rNeg   + . .     SustAt   .     (no shield)
rPois  .         Gourm    .     b - +0 hat
rElec  .         Spirit   .     (no cloak)
rCorr  .         Warding  +     (no gloves)
rMut   .         Stasis   .     (no boots)
MR     .....                    p - amulet of warding
Stlth  +.........               (no ring)
                                r - ring of flight {Yo, found this ring, guess it's mine now, so Ima write on it.}

@: very slightly contaminated, not resistant to hostile enchantments, very
unstealthy
A: no striking features
a: Evoke Flight


You were on level 3 of the Dungeon.
You were hungry.

You visited 1 branch of the dungeon, and saw 3 of its levels.

You collected 141 gold pieces.

Inventory:

Hand Weapons
 n - a +0 short sword (weapon)
Armour
 a - a +0 robe
 b - a +0 hat (worn)
 q - a +0 ring mail (worn)
Jewellery
 p - an amulet of warding (around neck)
 r - a ring of flight (left hand) {Yo, found this ring, guess it's mine now, so Ima write on it.}
Scrolls
 e - a scroll of random uselessness {unknown}
 f - a scroll of recharging {unknown}
 g - a scroll of fog {unknown}
 h - 3 scrolls of remove curse {unknown}
 k - a scroll of magic mapping {unknown}
 m - 2 scrolls of identify {unknown}
 o - a scroll of noise {unknown}
 s - a scroll of blinking {unknown}
Potions
 j - a potion of flight {unknown}
 l - a potion of magic {unknown}
Books
 c - a book of Minor Magic

   Spells                             Type                      Level
   a - Magic Dart                     Conjuration                  1
   b - Blink                          Translocation                2
   c - Call Imp                       Summoning                    2
   d - Repel Missiles                 Charms/Air                   2
   e - Slow                           Hexes                        2
   f - Conjure Flame                  Conjuration/Fire             3
   g - Mephitic Cloud                 Conjuration/Poison/Air       3
Comestibles
 d - 2 bread rations
 i - 2 fruits
 t - a beef jerky


   Skills:
 + Level 0.8 Armour
 - Level 2.5 Dodging
 - Level 2.2 Stealth
 - Level 3.9 Spellcasting
 + Level 2.5 Conjurations
 + Level 1.0 Summonings
   Level 1.1 Translocations


You had 6 spell levels left.
You knew the following spells:

 Your Spells              Type           Power        Failure   Level  Hunger
a - Magic Dart            Conj           ###.         14%         1    None
b - Call Imp              Summ           #.......     38%         2    #......


Dungeon Overview and Level Annotations

Branches:
Dungeon (3/15)

Altars:
Cheibriados
Trog
Vehumet

Annotations:
D:3 Sigmund


Message History

Confirm with . or Enter, or press ? or * to list all spells.
Aiming: Magic Dart
Press: ? - help, Shift-Dir - straight line, f/p - Sigmund
Aim: Sigmund, wielding a scythe and wearing a robe (heavily wounded)
The magic dart hits Sigmund.
Sigmund is heavily wounded.
Sigmund hits you from afar with a scythe!
* * * LOW HITPOINT WARNING * * *
Your crimson imp hits Sigmund but does no damage.
Casting: Magic Dart
Confirm with . or Enter, or press ? or * to list all spells.
Aiming: Magic Dart
Press: ? - help, Shift-Dir - straight line, f/p - Sigmund
Aim: Sigmund, wielding a scythe and wearing a robe (heavily wounded)
The magic dart hits Sigmund.
Sigmund is severely wounded.
Your crimson imp hits Sigmund.
Your crimson imp blinks!
Sigmund hits you from afar with a scythe!
You die...

# # ### ### #.# ..####.#
###### .......# #....#
####
.#..##.#######.##)###....
.............#@##.......
.#..##.####....ยง....# .
....##.#.##.....@...#....
....##.#.##..............
....##.#.....#+#####.5...
....'........... ....
....##.#.###.### ...
.<.............# ..
.##.##.#.#####.# #
........... .##<...#.....


You could see Sigmund and a friendly crimson imp.

Vanquished Creatures
  A ball python (D:1)
  A giant cockroach (D:1)
  6 goblins
  4 hobgoblins
  9 kobolds
  A quokka (D:2)
  5 bats
  5 giant newts
  4 rats
36 creatures vanquished.

Vanquished Creatures (collateral kills)
  An adder (D:2)
  A bat (D:2)
  A goblin (D:2)
  A kobold (D:1)
4 creatures vanquished.

Grand Total: 40 creatures vanquished

Notes
Turn   | Place    | Note
--------------------------------------------------------------
     0 | D:1      | QuinteeJr the High Elf Wizard began the quest for the Orb.
     0 | D:1      | Reached XP level 1. HP: 11/11 MP: 6/6
   191 | D:1      | Reached XP level 2. HP: 17/17 MP: 2/7
   792 | D:1      | Learned a level 2 spell: Call Imp
  1477 | D:2      | Found a radiant altar of Vehumet.
  1480 | D:2      | Found a snail-covered altar of Cheibriados.
  1480 | D:2      | Found a bloodstained altar of Trog.
  1706 | D:2      | Reached XP level 3. HP: 17/21 MP: 5/9
  2336 | D:2      | Reached skill level 1 in Summonings
  2739 | D:3      | Noticed Sigmund
  2758 | D:3      | Slain by Sigmund

Vault maps used:
D:1:      dpeg_cavernosity, serial_glass, glass_columns_a, glass_columns_a
D:2:      nicolae_overflow_hidden_temple, first_bread
D:3:      serial_bayou_pond_e, uniq_sigmund, uniq_iyjb

Action                   || total
-------------------------++-------
Melee: Unarmed           ||    23
       Club              ||    20
       Hand axe          ||     7
       Short sword       ||    21
 Cast: Magic Dart        ||    56
       Call Imp          ||     7
 Abil: Evoke Flight      ||     2
       Stop Flying       ||     1
  Eat: Fruit             ||     1
       Bread ration      ||     1
